Cogmind - Beta 11 X8 @@@ ROGUE MODE // 2021.11.19 @ 15:47:30 Player: Nalzok Result: Destroyed by D-53 Grenadier with Mini Grenade Launcher Performance ------------- Evolutions (0) 0 Regions Visited (2) 400 Robots Destroyed (9) 45 Value Destroyed (342) 342 Prototype IDs (0) 0 Alien Tech Used (0) 0 Bonus (0) 0 TOTAL SCORE: 787 Bonus ------- None Cogmind --------- Core Integrity 0/250 Matter 300/300 Energy 125/125 System Corruption 0% Temperature Cool (0) Movement Rolling (140) Ox4 Location -10/Mines Parts ------- > --- POWER (1) -------- Light Ion Engine > --- PROPULSION (2) --- Wheel > --- UTILITY (2) ------ High-capacity Storage Unit Structural Scanner > --- WEAPON (2) ------- Assault Rifle > --- INVENTORY (20) --- Ion Engine Light Ion Engine Light Ion Engine Light Ion Engine Light Ion Engine Light Ion Engine Light Nuclear Core Aluminum Leg Aluminum Leg Cooling System Cooling System Huge Storage Unit Huge Storage Unit Structural Scanner Structural Scanner Salvage Targeting Computer Salvage Targeting Computer Assault Rifle Assault Rifle Grenade Launcher Peak State ------------ > --- POWER ------------ Light Ion Engine > --- PROPULSION ------- Aluminum Leg Aluminum Leg > --- UTILITY ---------- Cooling System Small Storage Unit > --- WEAPON ----------- Small Laser Light Assault Rifle > --- INVENTORY -------- Light Ion Engine Wheel Compact Wheel Cooling System Salvage Targeting Computer Salvage Targeting Computer Medium Laser Grenade Launcher [Rating: 9] Favorites ----------- Power Light Ion Engine Engine Light Ion Engine Propulsion Wheel Leg Aluminum Leg Wheel Wheel Utility High-capacity Storage Unit Device Structural Scanner Storage High-capacity Storage Unit Weapon Assault Rifle Energy Gun Medium Laser Ballistic Gun Assault Rifle Build | -11 -10 -10 ------- Run | Scr Mat Min Slots Evolved . | . . . Power . | . . . Propulsion . | . . . Utility . | . . . Weapon . | . . . Parts Attached 15 | . 13 2 Power 2 | . 2 . Engine 2 | . 2 . Core . | . . . Reactor . | . . . Propulsion 5 | . 4 1 Treads . | . . . Leg 2 | . 2 . Wheel 3 | . 2 1 Hover . | . . . Flight . | . . . Utility 5 | . 5 . Device 3 | . 3 . Storage 2 | . 2 . Processor . | . . . Hackware . | . . . Protection . | . . . Artifact . | . . . Weapon 3 | . 2 1 Energy Gun 1 | . 1 . Energy Cannon . | . . . Ballistic Gun 2 | . 1 1 Ballistic Cannon . | . . . Launcher . | . . . Special Weapon . | . . . Impact Weapon . | . . . Slashing Weapon . | . . . Piercing Weapon . | . . . Special Melee Weapon . | . . . Unidentified Prototypes . | . . . Parts Lost 7 | . 3 4 Power 1 | . 1 . Propulsion 2 | . . 2 Utility . | . . . Weapon 4 | . 2 2 Highest Loss Streak 3 | . 3 2 Average Slot Usage (%) 93 | . 91 96 Engine 13 | . 13 14 Leg 6 | . 9 . Wheel 21 | . 18 26 Device 12 | . 11 14 Storage 14 | . 14 14 Energy Gun 10 | . 14 2 Ballistic Gun 14 | . 9 24 Naked Turns . | . . . Heaviest Build 89 | 10 89 48 Greatest Support 26 | 20 26 26 Greatest Overweight (x) 4 | . 3 4 Average Overweight (x) 1 | . 1 2 Largest Inventory Capacity 25 | 8 25 20 Average Capacity 18 | 8 17 20 Most Carried 20 | 5 20 20 Average Carried 12 | 5 9 19 Final Capacity 20 | 8 20 20 Final Carried 20 | 4 20 20 Class Distribution -------------------- 100% | Mutant Dominant Class ---------------- Mutant | -10/Materials Mutant | -10/Mines Resources | -11 -10 -10 ----------- Run | Scr Mat Min Matter Collected 422 | 200 98 124 Remotely . | . . . Salvage Created 359 | . 201 158 Parts 14 | . 7 7 Haulers Intercepted . | . . . Recyclers Shooed 2 | . 1 1 Parts Field Recycled . | . . . Retrieved Matter . | . . . Parts Self-Destructed . | . . . Prevented . | . . . Kills | -11 -10 -10 ------- Run | Scr Mat Min Combat Hostiles Destroyed 9 | . 5 4 Guns 9 | . 5 4 Classes Destroyed 1 | . 1 . Grunt 9 | . 5 4 Best Kill Streak 2 | . 2 2 Combat Bots Only 2 | . 2 2 Max Kills in Single Turn 2 | . 1 2 Gunslinging 1 | . . 1 Exploded . | . . . Melee . | . . . Uniques/NPCs Destroyed . | . . . Combat | -11 -10 -10 -------- Run | Scr Mat Min Damage Taken 930 | . 411 519 Core 253 | . 43 210 Absorbed by Shields . | . . . Core Remaining (%) 100 | 100 . . Volleys Fired 43 | . 29 14 Largest 2 | . 2 2 Hottest 90 | . 90 70 Shots Fired 84 | . 56 28 Gun 84 | . 56 28 Cannon . | . . . Launcher . | . . . Special . | . . . Kinetic 48 | . 24 24 Thermal 36 | . 32 4 Explosive . | . . . Electromagnetic . | . . . Robot Hit Streak 10 | . 7 10 Robot Miss Streak 2 | . 2 1 Penetration Max . | . . . Secondary Targets 1 | . . 1 Max Gunslinging Chain 1 | . . 1 Shots Hit Robots 58 | . 38 20 Core Hits 21 | . 11 10 Critical Kills . | . . . Critical Parts Destroyed . | . . . Critical Strikes . | . . . Melee Attacks . | . . . Impact . | . . . Slashing . | . . . Piercing . | . . . Sneak Attacks . | . . . Combat Hostiles . | . . . Follow-up Attacks . | . . . Damage Inflicted 649 | . 375 274 Guns 649 | . 375 274 Cannons . | . . . Explosions . | . . . Melee . | . . . Ramming . | . . . Kinetic 380 | . 144 236 Thermal 269 | . 231 38 Explosive . | . . . Electromagnetic . | . . . Impact . | . . . Slashing . | . . . Piercing . | . . . Highest Corruption . | . . . Average Corruption . | . . . Corruption Purged . | . . . Overload Shots . | . . . Overflow Damage . | . . . Projectiles . | . . . Explosions . | . . . Melee . | . . . Knockbacks . | . . . Impact . | . . . Kinetic . | . . . Secondary . | . . . Self-Inflicted Damage . | . . . Shots . | . . . Rammed . | . . . Targets Rammed . | . . . Kicked . | . . . Crushed . | . . . Highest Temperature 108 | . 20 108 Average Temperature 44 | . 9 53 Received Heat Transfer 375 | . 222 153 Siege Activations . | . . . Robots Corrupted . | . . . Combat Hostiles . | . . . Parts Fried . | . . . Impact Corruptions . | . . . Robots Melted . | . . . Combat Hostiles . | . . . Parts Melted 1 | . . 1 Heat Transferred 684 | . 573 111 Parts Sabotaged . | . . . Parts Stolen . | . . . Parts Stripped . | . . . Power Chain Reactions . | . . . Missiles Intercepted . | . . . Alert | -11 -10 -10 ------- Run | Scr Mat Min Peak Influence 145 | . 145 117 Initial 7 | . . 7 Average 69 | . 55 99 Maximum Alert Level . | . . . Low Security (%) 100 | 100 100 100 Level 1 . | . . . Level 2 . | . . . Level 3 . | . . . Level 4 . | . . . Level 5 . | . . . High Security . | . . . Max Security . | . . . Squads Dispatched 3 | . 3 . Investigation 1 | . 1 . Extermination . | . . . Reinforcement 2 | . 2 . Assault . | . . . Garrison . | . . . Intercept . | . . . Construction Impeded . | . . . Haulers Reinforced . | . . . Active Scanning Responses . | . . . Cargo Convoy Interrupts . | . . . Stealth | -11 -10 -10 --------- Run | Scr Mat Min Distress Signals . | . . . Communications Jammed . | . . . Distress Signals . | . . . Times Spotted 21 | . 14 7 Peak Tracking Total 10 | . 4 10 Tactical Retreats 1 | . . 1 Traps | -11 -10 -10 ------- Run | Scr Mat Min Traps Triggered 1 | . 1 . Indirectly . | . . . Trap Hack Attempts . | . . . Triggered . | . . . Disarmed . | . . . Reprogrammed . | . . . Reused . | . . . Traps Extracted . | . . . Installed . | . . . Triggered . | . . . Machines | -11 -10 -10 ---------- Run | Scr Mat Min Machines Disabled 1 | . . 1 Max in Single Turn 1 | . . 1 Machines Sabotaged . | . . . Garrisons Compromised . | . . . Overloaded Fab Kills . | . . . Hacking | -11 -10 -10 --------- Run | Scr Mat Min Machines Accessed 4 | . 4 . Terminals 4 | . 4 . Fabricators . | . . . Repair Stations . | . . . Recycling Units . | . . . Scanalyzers . | . . . Garrison Access . | . . . Total Hacks 9 | . 9 . Successful 4 | . 4 . Failed 5 | . 5 . Catastrophic . | . . . Database Lockouts . | . . . Manual 5 | . 5 . Terminals 9 | . 9 . Fabricators . | . . . Repair Stations . | . . . Recycling Units . | . . . Scanalyzers . | . . . Garrison Access . | . . . Terminal Hacks 3 | . 3 . Branch Access Points 1 | . 1 . Unreport Threat 1 | . 1 . Locate Traps 1 | . 1 . Fabricator Hacks . | . . . Repair Station Hacks . | . . . Recycling Unit Hacks . | . . . Scanalyzer . | . . . Garrison Access Hacks . | . . . Unauthorized Hacks 1 | . 1 . Terminals 1 | . 1 . Botnet 1 | . 1 . Fabricators . | . . . Repair Stations . | . . . Recycling Units . | . . . Scanalyzers . | . . . Garrison Access . | . . . Data Cores Recovered . | . . . Used . | . . . Hacking Detections 4 | . 4 . Full Trace Events . | . . . Feedback Events . | . . . Feedback Blocked . | . . . Robot Schematics Acquired . | . . . Robots Built . | . . . Authchips . | . . . Time . | . . . Total Robot Build Rating . | . . . Part Schematics Acquired . | . . . Parts Built . | . . . Authchips . | . . . Time . | . . . Total Part Build Rating . | . . . Parts Repaired . | . . . Time . | . . . Parts Recycled . | . . . Recycled Matter . | . . . Retrieved Matter . | . . . Retrieved Components . | . . . Parts Scanalyzed . | . . . Part Schematics Acquired . | . . . Parts Damaged . | . . . Bothacking | -11 -10 -10 ------------ Run | Scr Mat Min Used RIF Installer . | . . . Robots Hacked . | . . . Non-combat . | . . . Combat . | . . . Robot Hacks Applied . | . . . Relay Couplers Released . | . . . Fabnet Peak Effective % . | . . . Robots Rewired . | . . . Allies Hacked . | . . . Hacks Repelled . | . . . Allies | -11 -10 -10 -------- Run | Scr Mat Min Total Allies . | . . . Largest Group . | . . . Highest-Rated Group . | . . . Highest-Rated Ally . | . . . Total Orders . | . . . Ally Attacks . | . . . Total Damage . | . . . Kills . | . . . Allies Corrupted . | . . . Allies Melted . | . . . Intel | -11 -10 -10 ------- Run | Scr Mat Min Robot Analysis Total . | . . . Derelict Logs Recovered . | . . . Drone Launches . | . . . Drone Recoveries . | . . . Exploration | -11 -10 -10 ------------- Run | Scr Mat Min Turns Passed 917 | 1 620 296 Spaces Moved 632 | 1 411 220 Core . | . . . Treads . | . . . Legs 130 | 1 129 . Wheels 502 | . 282 220 Hover . | . . . Flight . | . . . Fastest Speed 90 | 120 90 105 Average Speed 115 | 120 116 111 Slowest Speed 140 | 120 135 140 Overloaded Moves . | . . . Propulsion Burnouts . | . . . Robots Hopped . | . . . Cave-ins Triggered . | . . . Exploration Rate (%) 43 | 2 84 44 Regions Visited 2 Branch Regions 1 Pre-discovered Areas . | . . . Known Exits Taken 1 | . 1 . Unknown Exits Taken 1 | 1 . . Scrap Searched . | . . . Spaces Dug . | . . . Terrain Destroyed . | . . . Melee . | . . . Projectile . | . . . AOE . | . . . Terrain Rammed . | . . . Walls Destroyed . | . . . Machines Disabled . | . . . Actions | -11 -10 -10 --------- Run | Scr Mat Min Total 745 | 2 502 241 Wait 19 | . 16 3 Move 630 | . 410 220 Hop . | . . . Pick Up 26 | . 24 2 Fast Attach 4 | . 4 . Attach 5 | . 3 2 Detach 2 | . 2 . Swap 6 | . 6 . Drop 10 | 2 8 . Fire 43 | . 29 14 Melee . | . . . Ram . | . . . Kick . | . . . Crush . | . . . Escape Stasis . | . . . Rewire . | . . . Trap . | . . . Miscellaneous . | . . . Route ------- -11/Scrapyard -10/Materials (discovered 4 exits: [*Mat x2] / *Min x2) -10/Mines (discovered 1 exit: [*Mat]) History --------- Turn | Location | Event 2 | -11/Scrapyard | Discovered new exit (range 0) 2 | -11/Scrapyard | Entered Materials 2 | -10/Materials | Discovered new exit (range 14) 144 | -10/Materials | Discovered new exit (range 16) 333 | -10/Materials | Build established: Mutant 346 | -10/Materials | Lost 3 parts (1p2w) 512 | -10/Materials | Discovered new exit (range 10) 576 | -10/Materials | Identified exit to Mines 622 | -10/Materials | Entered Mines 766 | -10/Mines | Discovered new exit (range 10) 872 | -10/Mines | Assembled infested the area 896 | -10/Mines | Core integrity fell below 50% 918 | -10/Mines | Core integrity fell below 20% 918 | -10/Mines | Destroyed by D-53 Grenadier with Mini Grenade Launcher Last Messages --------------- 00710_ Acquired 40 matter. 00713_ Acquired Lgt. Nuclear Core. 00718_ Acquired 29 matter. 00766_ EXIT=FOUND 00810_ K-01 Serf collects debris. 00872_ ALERT: Infestation in the mines, dispatching Demolisher response squad. 00889_ C-30 ARC bursts open, deploying its payload. 00889_ D-53 Grenadier unfolds itself. 00890_ Wheel destroyed. 00891_ Assault Rifle destroyed. 00897_ K-01 Serf collects debris. 00897_ U-05 Engineer lays Concrete. 00899_ U-05 Engineer builds a Wall. 00900_ K-01 Serf collects debris. 00904_ U-05 Engineer lays Concrete. 00907_ K-01 Serf collects debris. 00908_ U-05 Engineer lays Concrete. 00910_ U-05 Engineer builds a Wall. 00911_ K-01 Serf destroyed. Map ----- +----------------------------------------------------+ | | | | | | | | | | | | | | | | | ?????????????????????????????????????????????????? | | #########????????????????????????????????????????? | | #########????????????????????????????????????????? | | ##????????????????????????????????????????? | | ##????????????????????????????????????????? | | ##????????????????????????????????????????? | | ##????????????????????????????????????????? | | %= ##???????????????#####????????????????????? | | % ##?????????????#########??????????????????? | | ! ##?????????????### #####?????????????????? | | #########????????????### ###?????????????????? | | ########## ???????###### ?????????????????? | | ??????#### ???????##### ???????????????????? | | ??????### ??????? ????????????????????? | | ?????? ??????????? #????????????????????? | | ??????? ???????????## ##????????????????????? | | ??????? ???????????## ##????????????????????? | | ??????? ??????????### @ ###???????????????????? | | ??????? ?????????### ##???????????????????? | | ??????? ?????????## ##???????????????????? | | ??????# ???????##### ##???????????????????? | | ??????## #??????## ##???????????????????? | | ?????### ##???##### ###???###?????????????? | | ?????### ##??###### ##########????????????? | | ????? ##?#### ######## #####??????????? | | ??????## ###### ##### ####??????????? | | ??????## ##### dd ## *=#??????????? | | ??????## ##?????????????? | | ??????## ###?????????????? | | ??????####### #### ###??????????????? | | ??????####### ########## ####??????????????? | | ??????????### ########## ####???????????????? | | ?????????#### ###### ###????????????????? | | ###??????### ## # ###?????????????????? | | ###??????## ## ###???????####??????? | | ##??????## ## ######### ?#### ##??? | | ########## ########## ## ##??? | | ########## ### ###?? | | #### " ### ##?? | | ## "%" ### # # ##### #?? | | "" ## ############# # ##### ????????????? | | "" ## ############## ##????????????????? | +----------------------------------------------------+ Best States ------------- Heat Dissipation 47 Energy Generation 10 Energy Capacity 250 Matter Stores 300 Matter Capacity 300 Sight Range 16 Terrain Scan Density 10 Evasion (%) 55 Item Schematics ----------------- None Robot Schematics ------------------ None Fabricated ------------ Nothing Alien Tech Used ----------------- None Achievements -------------- None Challenges ------------ None Game ------ Seed GravityStasisNullifier Manual? 0 Play Time 00:08:40 Cumulative 327.9 hours Start 2021.11.19 @ 15:40:38 End 2021.11.19 @ 15:47:30 Sessions 1 Manual Loads 0 Difficulty Rogue Special Mode None Game No. 467 Rogue 466 Adventurer 0 Explorer 1 Win Type - Total 2 Types 2/0/0/0/0/0/0/0/0 Lore% 68 Gallery% 81 Achievement% 60 Wizard Run 0 Options --------- ASCII 1 Keyboard 1 Movement Vi Keybinds 0 Fullscreen 2 Font 12/Smallcaps Map View 76x56 Tactical HUD 1 Map Filters NONE Filters LOW_CONTRAST(13,24,33) Steam 0 RUN: 270db8e2-a12f-41a8-81c3-5f3b864f44b5